 Dungeon Sprint DCSS version 0.24.0-1-gfbc8707 (webtiles) character file.

Game seed: 9383322074881974551, levelgen mode: deterministic

75661 Fang the Slayer (level 15, -7/116 HPs)
             Began as a Gargoyle Berserker on Nov 1, 2019.
             Was the Champion of Trog.
             Killed from afar by a lich (21 damage)
             ... with a crystal spear
             ... in the Dungeon (Sprint V: "Ziggurat Sprint").
             The game lasted 00:09:34 (2265 turns).

Fang the Slayer (Gargoyle Berserker)                Turns: 2265, Time: 00:09:35

Health: -7/116     AC: 52    Str: 37    XL:     15   Next: 50%
Magic:  15/15      EV:  9    Int: 14    God:    Trog [******]
Gold:   0          SH: 27    Dex: 11    Spells: 14/14 levels left

rFire    + . .     SeeInvis .   j - +9 broad axe (flame)
rCold    + . .     Gourm    +   G - +18 shield of the Gong {rElec rN+ MR+ EV-5}
rNeg     + + .     Faith    .   b - +15 Maxwell's patent armour {-Cast -Tele rElec MR+ rCorr}
rPois    ∞         Spirit   .   (no helmet)
rElec    +         Reflect  .   X - +2 cloak {MR+}
rCorr    +         Harm     .   M - +0 pair of gloves "Atopole" {Slay+2} (curse)
MR       ++++.     NoTele   +   B - +0 pair of boots "Rodasoem" {Str+4} Stlth ..........NoCast +
                                Z - amulet of Existentialism {Gourm -Tele Int+4 Dex+2}
HPRegen  0.29/turn              F - +6 ring of strength
MPRegen  0.14/turn              H - ring "Timomn" {*Drain rPois rF+ rC+ Int+2}

@: berserk cooldown, starving, slowed, very slow
A: big wings, negative energy resistance 1, electricity resistance, unbreathing,
petrification resistance, rot immunity, AC +11
a: Fly, Berserk, Trog's Hand, Brothers in Arms, Renounce Religion


You were in the Dungeon.
You worshipped Trog.
Trog was exalted by your worship.
You were starving.

You visited 1 branch

Inventory:

Hand Weapons
 j - a +9 broad axe of flaming (weapon)
 C - the cursed +3 battleaxe "Xinaneij" {chaos, Int+3}
   (You found it in the Dungeon)

   Each time it hits an enemy it has a different, random effect.
   It affects your intelligence (+3).
   It has a curse placed upon it.
 J - the cursed +3 broad axe of Offence {elec, *Drain Str+6}
   (You found it in the Dungeon)

   Occasionally, upon striking a foe, it will discharge some electrical energy
   and cause terrible harm.
   It affects your strength (+6).
   It causes draining when unequipped.
   It has a curse placed upon it.
 P - the +6 mace "Acicague" {holy, *Corrode +Blink rPois rN+++ Stlth-}
   (You found it in the Dungeon)

   It has been blessed by the Shining One to cause great damage to the undead
   and demons.
   It protects you from poison.
   It renders you almost immune to negative energy.
   It lets you blink.
   It may corrode you when you take damage.
   It makes you less stealthy.
 S - the +4 battleaxe of Youthful Indiscretion {flame, rN+ MR+}
   (You found it in the Dungeon)

   It has been specially enchanted to burn those struck by it, causing extra
   injury to most foes and up to half again as much damage against particularly
   susceptible opponents.
   Big, fiery blades are also staple armaments of hydra-hunters.
   It protects you from negative energy.
   It affects your resistance to hostile enchantments.
 T - a +2 executioner's axe of flaming
 V - a +2 broad axe of venom
Armour
 b - the +15 Maxwell's patent armour (worn) {-Cast -Tele rElec MR+ rCorr}
   (You found it in the Dungeon)

   It insulates you from electricity.
   It affects your resistance to hostile enchantments.
   It prevents spellcasting.
   It prevents most forms of teleportation.
   It provides partial protection from all sources of acid and corrosion.
 B - the +0 pair of boots "Rodasoem" (worn) {Str+4}
   (You acquired it in the Dungeon)

   It affects your strength (+4).
 G - the +18 shield of the Gong (worn) {rElec rN+ MR+ EV-5}
   (You found it in the Dungeon)

   It affects your evasion (-5).
   It insulates you from electricity.
   It protects you from negative energy.
   It affects your resistance to hostile enchantments.
 M - the cursed +0 pair of gloves "Atopole" (worn) {Slay+2}
   (You found it in the Dungeon)

   It affects your accuracy and damage with ranged weapons and melee attacks
   (+2).
   It has a curse placed upon it.
 X - a +2 cloak of magic resistance (worn)
Jewellery
 a - an uncursed ring of protection from fire
 k - the ring "Guenk" {rElec rPois rC- MR+ Stlth-}
   (You found it in the Dungeon)

   [ring of attention]

   It makes you vulnerable to cold.
   It insulates you from electricity.
   It protects you from poison.
   It affects your resistance to hostile enchantments.
   It makes you less stealthy.
 t - the ring "Beirodwu" {SInv Stlth+}
   (You found it in the Dungeon)

   [ring of see invisible]

   It lets you see invisible.
   It makes you more stealthy.
 A - the ring of Poizorch {rC+ rN+ MR+}
   (You found it in the Dungeon)

   [ring of protection from magic]

   It protects you from cold.
   It protects you from negative energy.
   It affects your resistance to hostile enchantments.
 D - an uncursed ring of protection from cold
 F - a +6 ring of strength (left hand)
 H - the ring "Timomn" (right hand) {*Drain rPois rF+ rC+ Int+2}
   (You found it in the Dungeon)

   [ring of protection from fire]

   It affects your intelligence (+2).
   It protects you from fire.
   It protects you from cold.
   It protects you from poison.
   It causes draining when unequipped.
 I - the ring "Qajisudoz" {rPois rF+ rC+ Str-5}
   (You found it in the Dungeon)

   [ring of poison resistance]

   It affects your strength (-5).
   It protects you from fire.
   It protects you from cold.
   It protects you from poison.
 K - a +4 ring of evasion
 U - an uncursed ring of protection from magic
 W - an uncursed ring of resist corrosion
 Y - a +4 amulet of reflection
 Z - the amulet of Existentialism (around neck) {Gourm -Tele Int+4 Dex+2}
   (You found it in the Dungeon)

   [amulet of the gourmand]

   It allows you to eat raw meat even when not hungry.
   It affects your intelligence (+4).
   It affects your dexterity (+2).
   It prevents most forms of teleportation.
Wands
 w - a wand of disintegration (7)
 x - a wand of iceblast (7)
 y - a wand of acid (7)
Scrolls
 i - 4 scrolls of blinking
 l - 7 scrolls of fog
 m - a scroll of holy word
 n - 3 scrolls of identify
 o - 5 scrolls of remove curse
 p - 2 scrolls of fear
 z - 2 scrolls of enchant armour
 L - 6 scrolls of brand weapon
Potions
 d - 10 potions of curing
 e - 9 potions of heal wounds
 f - 6 potions of haste
 g - 7 potions of magic
 h - 3 potions of berserk rage
 q - 2 potions of brilliance
 r - 2 potions of invisibility
 s - 4 potions of resistance
 u - 5 potions of agility
 v - 5 potions of might
Comestibles
 c - 5 rations


   Skills:
 * Level 22.2 Fighting
 * Level 19.3(20.0) Axes
 + Level 11.3(17.2) Maces & Flails
 + Level 19.8 Armour
 + Level 15.9 Dodging


You had 14 spell levels left.
You didn't know any spells.
Your spell library was empty.

Dungeon Overview and Level Annotations

Branches:
Dungeon (1/1)

Altars:
Ashenzari
Cheibriados
Dithmenos
Elyvilon
Fedhas
Gozag
Hepliaklqana
Kikubaaqudgha
Makhleb
Nemelex Xobeh
Okawaru
Qazlal
Ru
Sif Muna
Trog
Uskayaw
Vehumet
Wu Jian
Xom
Yredelemnul
Zin
The Shining One
Beogh
Jiyva
Lugonu

Annotations:
D 1 transporter


Innate Abilities, Weirdness & Mutations

You are resistant to torment.
Your stone body is resilient. (AC +11)
You are immune to poison.
Your large and strong wings let you fly indefinitely.
You resist negative energy. (rN+)
You are resistant to electric shocks. (rElec)
You can survive without breathing.
You are immune to petrification.
You are immune to rotting.


Message History

PTOANNNG!
Unknown command.
You completely miss the vault guard.
The vault guard is almost dead.
You slash the yaktaur! You burn the yaktaur. You slash the shadow dragon!
You burn the shadow dragon. You slice the lich!! You burn the lich.
You slice the vault guard!! You burn the vault guard. You hit the yaktaur.
You burn the yaktaur. You block the lich's attack.
PANG!
The shadow dragon breathes negative energy at you.
The bolt of negative energy misses you. You block the yaktaur's attack.
GONNNNG!
The vault guard hits you from afar with a +0 glaive.
* * * LOW HITPOINT WARNING * * *
The vault guard hits you but does no damage.
You block the vault guard's attack.
PANG!
The lich casts a spell at you. The crystal spear hits you!!
You die...

...............▓.....†)÷.
......).)......▓..▓......
......)).......▓.▓▓▓.....
......)).......▓..▓......
...............▓.........
...▓.....(.▓...▓......©..
.. ▓▓.ppp.▓▓ ..▓▓▓▓▓▓▓▓▓▓
...▓...LDc.▓...▓.....8©8.
.......p@.p....▓.))|)}.):
.......©pc.....▓...).}:::
▓▓▓▓▓▓▓▓▓▓▓▓▓▓▓▓.........
▓......... ▓.........
▓.....))). ▓......)).
▓..▓....). ▓.▓▓▓.....


You could see a shadow dragon, a lich, 6 vault guards and 2 yaktaurs.

Vanquished Creatures
  An ancient lich (D)
  2 liches (D)
  A thorn hunter (D)
  A shadow dragon (D)
  A daeva (D)
  An emperor scorpion (D)
  A spriggan defender (D)
  A stone giant (D)
  4 reapers (D)
  A vampire knight (D)
  An apis (D)
  A dire elephant (D)
  10 vault guards (D)
  2 shambling mangroves (D)
  A spriggan air mage (D)
  4 spriggan berserkers (D)
  2 vampire magi (D)
  An iron golem (D)
  A skeletal warrior (D)
  A spriggan druid (D)
  A deep elf archer (D)
  A flayed ghost (D)
  A phantasmal warrior (D)
  2 orb spiders (D)
  A necromancer (D)
  2 wolf spiders (D)
  2 deep elf magi (D)
  2 cyclopes (D)
  4 oklob plants (D)
  A guardian serpent (shapeshifter) (D)
  4 rust devils (D)
  An orange demon (D)
  2 spiny frogs (D)
  A hellion (D)
  A dryad (D)
  A komodo dragon (D)
  6 demonic crawlers (D)
  A hellwing (D)
  A rime drake (D)
  4 ice devils (D)
  3 tormentors (D)
  6 red devils (D)
  3 jumping spiders (D)
  7 merfolk (D)
  10 hornets (D)
  3 spriggans (D)
  A hippogriff (D)
  A vampire (D)
  4 redbacks (D)
  An air elemental (D)
  A water elemental (D)
  A wraith (D)
  3 shadows (D)
  2 tarantellas (D)
  2 yaks (D)
  A basilisk (D)
  A fire elemental (D)
  A chaos spawn (D)
  A water moccasin (D)
  2 porcupines (D)
  3 hell hounds (D)
  A phantom (D)
  3 necrophages (D)
  A black bear (D)
  4 wolves (D)
  4 centaurs (D)
  4 crocodiles (D)
  3 bullfrogs (D)
  7 scorpions (D)
  5 wights (D)
  An orc wizard (D)
  5 iron imps (D)
  An orc priest (D)
  A mummy (D)
  An ufetubus (D)
  6 adder zombies (D)
  3 adder skeletons (D)
  An orc (D)
  A bat skeleton (D)
  4 bat zombies (D)
  A ball python skeleton (D)
  2 ball python zombies (D)
  A jackal zombie (D)
  A leopard gecko skeleton (D)
  A briar patch (D)
  A butterfly (D)
197 creatures vanquished.

Vanquished Creatures (collateral kills)
  A satyr (D)
1 creature vanquished.

Vanquished Creatures (others)
  A bat zombie (D)
  8 briar patches (D)
9 creatures vanquished.

Grand Total: 207 creatures vanquished

Notes
Turn   | Place    | Note
-------+----------+-------------------------------------------
     0 | D        | Fang the Gargoyle Berserker began the quest for the Orb.
     0 | D        | Reached XP level 1. HP: 14/14 MP: 1/1
     6 | D        | Found a blossoming altar of Fedhas.
     7 | D        | Found the +6 Majin-Bo {vamp, Archmagi MP+6 Int+6}
     7 | D        | Found the +7 great mace "Firestarter" {inner flame, rF++}
     7 | D        | Found a transporter.
     7 | D        | Found a viscous altar of Jiyva.
     7 | D        | Found an ancient bone altar of Kikubaaqudgha.
     7 | D        | Found a hazy altar of Hepliaklqana.
     7 | D        | Found a corrupted altar of Lugonu.
     7 | D        | Found an opulent altar of Gozag.
     7 | D        | Found a burning altar of Makhleb.
    10 | D        | Found a stormy altar of Qazlal.
    10 | D        | Found a sacrificial altar of Ru.
    10 | D        | Found an iron altar of Okawaru.
    10 | D        | Found a shimmering blue altar of Sif Muna.
    10 | D        | Found a sparkling altar of Nemelex Xobeh.
    10 | D        | Found a bloodstained altar of Trog.
    18 | D        | Found the +9 heavy crossbow "Sniper" {velocity, Acc+∞ SInv}
    18 | D        | Found the +10 dark maul {crush}
    18 | D        | Found the +15 Maxwell's patent armour {-Cast -Tele rElec
                  | MR+ rCorr}
    18 | D        | Found the +18 shield of the Gong {rElec rN+ MR+ EV-5}
    18 | D        | Found the cursed +14 obsidian axe {chop, +Fly SInv *Curse}
    81 | D        | Entered arena 2.
    81 | D        | Found a transporter.
    92 | D        | Entered arena 3.
    92 | D        | Noticed an orc wizard
    92 | D        | Noticed an orc priest
    92 | D        | Found a transporter.
    96 | D        | Reached ** piety under Trog
    97 | D        | Killed an orc priest
    97 | D        | Reached skill level 4 in Fighting
    97 | D        | Reached XP level 2. HP: 20/20 MP: 2/2
    97 | D        | Reached XP level 3. HP: 24/24 MP: 3/3
    97 | D        | Reached skill level 5 in Fighting
    97 | D        | Reached XP level 4. HP: 31/31 MP: 4/4
   207 | D        | Entered arena 4.
   207 | D        | Noticed a wolf
   207 | D        | Noticed a spriggan
   207 | D        | Noticed a spriggan
   207 | D        | Noticed a wolf
   207 | D        | Found a transporter.
   212 | D        | Killed a wolf
   212 | D        | Reached *** piety under Trog
   212 | D        | Reached skill level 6 in Fighting
   212 | D        | Reached skill level 5 in Axes
   212 | D        | Reached skill level 5 in Armour
   212 | D        | Reached XP level 5. HP: 24/37 MP: 5/5
   218 | D        | Killed a spriggan
   218 | D        | Reached skill level 7 in Fighting
   218 | D        | Reached skill level 5 in Dodging
   218 | D        | Reached XP level 6. HP: 35/44 MP: 6/6
   218 | D        | Reached skill level 8 in Fighting
   221 | D        | Killed a spriggan
   221 | D        | Reached skill level 9 in Fighting
   221 | D        | Reached XP level 7. HP: 40/51 MP: 7/7
   352 | D        | Entered arena 5.
   352 | D        | Noticed a spriggan
   352 | D        | Found a transporter.
   353 | D        | Found the +12 glaive of Prune {chop}
   357 | D        | Reached **** piety under Trog
   358 | D        | Received a gift from Trog
   364 | D        | Killed a spriggan
   364 | D        | Reached skill level 10 in Fighting
   364 | D        | Reached XP level 8. HP: 53/57 MP: 8/8
   373 | D        | Got the cursed +3 battleaxe "Xinaneij" {chaos, Int+3}
   384 | D        | Entered arena 6.
   384 | D        | Found a transporter.
   390 | D        | Reached ***** piety under Trog
   390 | D        | Received a gift from Trog
   395 | D        | Reached skill level 10 in Armour
   404 | D        | Got the ring "Timomn" {*Drain rPois rF+ rC+ Int+2}
   406 | D        | Entered arena 7.
   406 | D        | Noticed an orange demon
   406 | D        | Noticed a hellwing
   407 | D        | Found a transporter.
   427 | D        | Killed a hellwing
   427 | D        | Reached skill level 11 in Fighting
   432 | D        | Killed an orange demon
   432 | D        | Reached XP level 9. HP: 59/64 MP: 9/9
   436 | D        | Got the ring "Qajisudoz" {rPois rF+ rC+ Str-5}
   440 | D        | Got the cursed +3 broad axe of Offence {elec, *Drain Str+6}
   443 | D        | Entered arena 8.
   443 | D        | Noticed a merfolk
   443 | D        | Noticed a merfolk
   443 | D        | Noticed a merfolk
   444 | D        | Identified the +6 falchion of Haihewieno {venom, Dex+4
                  | SInv}
   444 | D        | Found a transporter.
   450 | D        | Killed a merfolk
   450 | D        | Reached skill level 10 in Axes
   455 | D        | Killed a merfolk
   455 | D        | Reached skill level 12 in Fighting
   456 | D        | Killed a merfolk
   456 | D        | Received a gift from Trog
   501 | D        | Entered arena 9.
   501 | D        | Noticed a fire crab
   501 | D        | Noticed a deep elf mage
   501 | D        | Noticed a deep elf mage
   501 | D        | Noticed a deep elf archer
   502 | D        | Found a transporter.
   505 | D        | Noticed a guardian serpent
   505 | D        | a fire crab changed into a guardian serpent
   512 | D        | Reached ****** piety under Trog
   513 | D        | Killed a deep elf mage
   513 | D        | Reached XP level 10. HP: 72/72 MP: 10/10
   513 | D        | Killed a deep elf archer
   513 | D        | Reached skill level 10 in Dodging
   517 | D        | Killed a guardian serpent
   517 | D        | Received a gift from Trog
   517 | D        | Reached skill level 13 in Fighting
   517 | D        | Killed a deep elf mage
   548 | D        | Got the ring "Qynadic" {Wiz rElec MR- Int+3 Stlth+}
   564 | D        | Entered arena 10.
   564 | D        | Noticed a cyclops
   564 | D        | Noticed a cyclops
   565 | D        | Found a transporter.
   574 | D        | Killed a cyclops
   574 | D        | Received a gift from Trog
   577 | D        | Killed a cyclops
   604 | D        | Got the cursed +0 pair of gloves "Atopole" {Slay+2}
   635 | D        | Entered arena 11.
   636 | D        | Found a transporter.
   639 | D        | Received a gift from Trog
   639 | D        | Reached skill level 14 in Fighting
   640 | D        | Reached XP level 11. HP: 80/80 MP: 11/11
   663 | D        | Got the ring "Ihawao" {-Tele rPois Dex+10 Stlth+}
   670 | D        | Entered arena 12.
   671 | D        | Noticed a daeva
   672 | D        | Found a transporter.
   683 | D        | Killed a daeva
   683 | D        | Received a gift from Trog
   746 | D        | Got the +6 mace "Acicague" {holy, *Corrode +Blink rPois
                  | rN+++ Stlth-}
   833 | D        | Entered arena 13.
   833 | D        | Noticed an emperor scorpion
   833 | D        | Noticed an orb spider
   845 | D        | Received a gift from Trog
   845 | D        | Reached skill level 15 in Fighting
   848 | D        | Reached skill level 15 in Armour
   852 | D        | Killed an emperor scorpion
   853 | D        | Found a transporter.
   857 | D        | Killed an orb spider
   887 | D        | Got the ring of the Burgomaster {rPois Stlth+}
   890 | D        | Got the +4 battleaxe of Youthful Indiscretion {flame, rN+
                  | MR+}
   900 | D        | Entered arena 14.
   901 | D        | Noticed an orb spider
   901 | D        | Noticed a wolf spider
   902 | D        | Noticed a wolf spider
   903 | D        | Found a transporter.
   905 | D        | Received a gift from Trog
   907 | D        | Killed a wolf spider
   908 | D        | Reached XP level 12. HP: 88/88 MP: 12/12
   909 | D        | Reached skill level 16 in Fighting
   915 | D        | Received a gift from Trog
   975 | D        | Entered arena 15.
   976 | D        | Noticed a reaper
   977 | D        | Noticed a reaper
   988 | D        | Found a transporter.
   993 | D        | Killed a reaper
   993 | D        | Received a gift from Trog
   998 | D        | Killed a reaper
  1054 | D        | Reached skill level 17 in Fighting
  1054 | D        | Reached skill level 1 in Maces & Flails
  1054 | D        | Reached XP level 13. HP: 73/96 MP: 13/13
  1140 | D        | Entered arena 16.
  1140 | D        | Noticed a vampire knight
  1145 | D        | Received a gift from Trog
  1146 | D        | Killed a vampire knight
  1146 | D        | Reached skill level 15 in Axes
  1152 | D        | Received a gift from Trog
  1161 | D        | Received a gift from Trog
  1193 | D        | Found a transporter.
  1232 | D        | Entered arena 17.
  1239 | D        | Found a transporter.
  1244 | D        | Received a gift from Trog
  1258 | D        | Received a gift from Trog
  1269 | D        | Reached skill level 18 in Fighting
  1305 | D        | Got the ring "Beirodwu" {SInv Stlth+}
  1307 | D        | Got the ring of Poizorch {rC+ rN+ MR+}
  1349 | D        | Entered arena 18.
  1354 | D        | Found a transporter.
  1357 | D        | Received a gift from Trog
  1360 | D        | Gained mutation: Your large and strong wings let you fly
                  | indefinitely. [Gargoyle growth]
  1360 | D        | Reached XP level 14. HP: 88/104 MP: 14/14
  1364 | D        | Received a gift from Trog
  1364 | D        | Reached skill level 5 in Maces & Flails
  1398 | D        | Got the amulet of Existentialism {Gourm -Tele Int+4 Dex+2}
  1464 | D        | Got a pair of ancient boots
  1470 | D        | Identified the +0 pair of boots "Rodasoem" {Str+4} (You
                  | acquired it in the Dungeon)
  1478 | D        | Entered arena 19.
  1481 | D        | Noticed a thorn hunter
  1482 | D        | Found the +8 arc blade {discharge, rElec}
  1482 | D        | Noticed a spriggan defender
  1482 | D        | Noticed an apis
  1482 | D        | Noticed a dire elephant
  1483 | D        | Found the +10 zealot's sword {holy, *Rage rN+ EV+3}
  1484 | D        | Found a transporter.
  1494 | D        | Killed a dire elephant
  1494 | D        | Received a gift from Trog
  1502 | D        | Reached skill level 19 in Fighting
  1504 | D        | Killed a spriggan defender
  1506 | D        | Received a gift from Trog
  1507 | D        | Killed a thorn hunter
  1508 | D        | Killed an apis
  1523 | D        | Received a gift from Trog
  1882 | D        | Received a gift from Trog
  1884 | D        | Got the ring of the Scarab {MR- MP+9 Str-3 Int+6 Dex+5}
  2100 | D        | Entered arena 20.
  2105 | D        | Noticed a reaper
  2106 | D        | Noticed a reaper
  2107 | D        | Found the +5 scythe "Finisher" {speed, eviscerate}
  2107 | D        | Found the +5 robe of Night {Dark MR+ SInv}
  2108 | D        | Found a transporter.
  2114 | D        | Reached skill level 20 in Fighting
  2115 | D        | Received a gift from Trog
  2120 | D        | Received a gift from Trog
  2133 | D        | Killed a reaper
  2133 | D        | Reached skill level 15 in Dodging
  2138 | D        | Killed a reaper
  2142 | D        | Received a gift from Trog
  2174 | D        | Got the ring "Guenk" {rElec rPois rC- MR+ Stlth-}
  2208 | D        | Entered arena 21.
  2226 | D        | Noticed an ancient lich
  2227 | D        | Noticed a stone giant
  2227 | D        | Noticed a lich
  2227 | D        | Noticed a shadow dragon
  2227 | D        | Noticed a lich
  2227 | D        | Noticed a shadow dragon
  2228 | D        | Found the +1 cloak of Starlight {rElec rC+ EV+4 Stlth--}
  2229 | D        | Noticed a lich
  2230 | D        | Found a transporter.
  2236 | D        | Noticed an Executioner
  2236 | D        | Killed an ancient lich
  2236 | D        | Reached skill level 21 in Fighting
  2236 | D        | Reached XP level 15. HP: 115/115 MP: 15/15
  2236 | D        | Reached skill level 10 in Maces & Flails
  2242 | D        | Killed a lich
  2242 | D        | Received a gift from Trog
  2243 | D        | Killed a lich
  2246 | D        | Killed a shadow dragon
  2258 | D        | Reached skill level 22 in Fighting
  2260 | D        | Received a gift from Trog
  2265 | D        | Killed from afar by a lich

Levels and vault maps discovered:
D:        sprint_v [room_start, room_1, room_2, room_3, room_4, room_5, room_6,
          room_7, room_8, room_9, room_10, room_11, room_12, room_13, room_14,
          room_15, room_16, room_17, room_18, room_19, room_20, room_21,
          room_22, room_23, room_24, room_25, room_26, room_27]

Skill      XL: |  1  2  3  4  5  6  7  8  9 10 11 12 13 14 15 |
---------------+----------------------------------------------+-----
Axes           | 3 4 5 6 7 8 9 10 12 13 14 15 18 19 | 19.3
Dodging        | 3 4 5 6 7 8 9 11 12 13 14 15 | 15.9
Fighting       | 4 5 6 7 9 10 11 12 14 15 17 18 21 22 | 22.2
Armour         | 4 5 7 8 9 11 12 13 15 16 17 19 | 19.8
Maces & Flails | 1 4 9 11 | 11.3

Action                   |  1- 3 |  4- 6 |  7- 9 | 10-12 | 13-15 || total
-------------------------+-------+-------+-------+-------+-------++-------
Melee: Broad axe         |     7 |    13 |    63 |    97 |   156 ||   336
Invok: Berserk           |     1 |     1 |     2 |     5 |     6 ||    15
       Brothers in Arms  |       |       |       |       |     2 ||     2
       Trog's Hand       |       |       |       |       |     1 ||     1
  Use: Scroll            |       |     1 |     1 |     2 |     7 ||    11
       Potion            |       |       |       |     1 |     1 ||     2
  Eat: Chunk             |       |       |     1 |     8 |    14 ||    23
       Ration            |       |       |       |       |     2 ||     2
Armor: Plate armour      |     5 |    14 |    67 |    84 |   126 ||   296
Dodge: Dodged            |       |     3 |     9 |    24 |    36 ||    72
Block: Shield            |     9 |    30 |   137 |   206 |   244 ||   626
